 Dungeon Crawl Stone Soup version 0.29.1-2-gbd0b4ee654 (webtiles) character file.

Game seed: 7927143945731489791

308 Anriel the Insei (level 6, -7/40 (47) HPs)
             Began as a Demonspawn Monk on Oct 27, 2022.
             Was a Believer of Wu Jian.
             Mangled by a wight
             ... wielding a +0 scimitar
              (14 damage)
             ... on level 4 of the Dungeon.
             The game lasted 00:21:50 (4130 turns).

Anriel the Insei (Demonspawn Monk)                  Turns: 4130, Time: 00:21:50

HP:   -7/40 (47)    AC:  9    Str: 11    XL:     6   Next: 17%
MP:   7/7           EV: 29    Int: 12    God:    Wu Jian [**....]
Gold: 221           SH:  0    Dex: 17    Spells: 6/7 levels left

rFire   . . .      SeeInvis .     - Unarmed
rCold   . . .      Faith    .   (no shield)
rNeg    . . .      Spirit   .   d - +1 robe
rPois   .          Reflect  .   a - +0 helmet
rElec   .          Harm     .   u - +0 cloak
rCorr   .          Rampage  .   (no gloves)
Will    .....                   m - +0 pair of boots
Stlth   ++........              f - amulet of the acrobat
HPRegen 0.13/turn               (no ring)
MPRegen 0.10/turn               (no ring)

@: acrobatic, heavily drained
A: icy blue scales 2
a: Renounce Religion, Wall Jump


You were on level 4 of the Dungeon.
You worshipped Wu Jian.
Wu Jian was pleased with you.
You visited 1 branch of the dungeon, and saw 4 of its levels.

You collected 221 gold pieces.

Inventory:

Hand Weapons
 b - a +0 dagger
 i - a +0 sling
Missiles
 k - 6 javelins
Armour
 a - a +0 helmet (worn)
 d - a +1 robe (worn)
 m - a +0 pair of boots (worn)
 n - a +0 leather armour
 u - a +0 cloak (worn)
Jewellery
 f - an amulet of the acrobat (around neck)
 j - an amulet of guardian spirit
 r - a ring of willpower
Scrolls
 c - 3 scrolls of enchant armour
 s - a scroll of identify {unknown}
 t - a scroll of magic mapping {unknown}
Potions
 e - 2 potions of heal wounds {unknown}
 g - 4 potions of curing {unknown}
 h - a potion of flight {unknown}
 o - a potion of attraction {unknown}
 q - a potion of degeneration {unknown}


   Skills:
 + Level 3.1 Fighting
 + Level 0.1 Ranged Weapons
 * Level 4.3 Dodging
 + Level 2.6 Stealth
 + Level 4.5 Unarmed Combat
 + Level 1.1 Spellcasting
 + Level 0.4 Hexes


You had 6 spell levels left.
You knew the following spells:

 Your Spells              Type           Power      Damage    Failure   Level
a - Slow                  Hex            4%         N/A       26%         1

Your spell library contained the following spells:

 Spells                   Type           Power      Damage    Failure   Level
 Scorch                   Fire           0%         2d5       41%         2
 Flame Wave               Conj/Fire      0%         2d4       96%         4
 Summon Cactus Giant      Summ           0%         N/A       100%        6


Dungeon Overview and Level Annotations

Branches:
Dungeon (4/15)
 Temple: D:4-7

Altars:
Ashenzari
Wu Jian

Annotations:
D:2 Sigmund


Innate Abilities, Weirdness & Mutations

You are mostly covered in icy blue scales. (AC +3)


Message History

Fire: i) +0 sling
Press: ? - help, Q - select action, (/) - cycle Shift-Dir - straight line, f - wight
Aim: a wight, wielding a +0 scimitar and wearing a +0 robe (heavily damaged, 57% to hit)
You shoot a sling bullet.
The sling bullet completely misses the wight.
The wight completely misses you. The wight attacks as you move away!
The wight completely misses you. The wight completely misses you.
The wight misses you. The wight misses you. The wight closely misses you.
The wight completely misses you. The wight misses you.
The wight attacks as you move away! The wight completely misses you.
The wight attacks as you move away! The wight completely misses you.
You see here a +0 spear.
The wight attacks as you move away! The wight misses you.
The wight attacks as you move away! The wight completely misses you.
The wight attacks as you move away! The wight completely misses you.
The wight attacks as you move away! The wight closely misses you.
The wight attacks as you move away! The wight completely misses you.
The wight attacks as you move away! The wight completely misses you.
The wight attacks as you move away! The wight misses you.
The wight attacks as you move away! The wight closely misses you.
You are now empty-handed.
The wight attacks as you move away! The wight closely misses you.
The wight attacks as you move away! The wight completely misses you.
You spin and attack the wight.
You hit the wight but do no damage.
The wight is lightly damaged.
The wight hits you with a +0 scimitar!
As you read the scroll labelled AHIRIM YGRA, it crumbles to dust.
It is a scroll of amnesia.
Really abort (and waste the scroll)?
Okay, then.
The wight hits you with a +0 scimitar.
You feel drained. The wight attacks as you move away!
The wight hits you with a +0 scimitar.
* * * LOW HITPOINT WARNING * * *
The wight attacks as you move away! The wight barely misses you.
The wight attacks as you move away! The wight hits you with a +0 scimitar!
You die...

..............#..#
............###.####
..........### #.##.###
.......#### #..#...### #...####
##........## ####
#..........### #............##
#.#...........#
#.#@..........##
#.z............#
##.).....)......##
#................#
##)...............##
############.#................#
...........)###..........<....#
# ............#
##..............###
.....†......##
#.............##..


You could see a wight.

Vanquished Creatures
  2 wights (D:4)
  A hound (D:4)
  4 gnolls
  5 adders
  A worm (D:3)
  5 dart slugs
  6 orcs
  5 endoplasms
  4 giant cockroaches
  7 goblins
  7 hobgoblins
  10 kobolds
  3 quokkas
  3 ball pythons
  4 bats
  2 frilled lizards
  4 rats
73 creatures vanquished.

Vanquished Creatures (others)
  A plant (D:2)
1 creature vanquished.

Grand Total: 74 creatures vanquished

Notes
Turn   | Place    | Note
-------+----------+-------------------------------------------
     0 | D:1      | Anriel the Demonspawn Monk began the quest for the Orb.
     0 | D:1      | Reached XP level 1. HP: 18/18 MP: 1/1
   574 | D:1      | Gained mutation: You are partially covered in icy blue
                  | scales. (AC +2) [demonic ancestry]
   574 | D:1      | Reached XP level 2. HP: 20/24 MP: 2/2
  1048 | D:2      | Gained mutation: You are mostly covered in icy blue scales.
                  | (AC +3) [demonic ancestry]
  1048 | D:2      | Reached XP level 3. HP: 29/29 MP: 3/3
  1527 | D:2      | Noticed Sigmund
  2168 | D:3      | Reached XP level 4. HP: 30/35 MP: 4/4
  2220 | D:3      | Found a faded altar of an unknown god.
  2237 | D:3      | Got Plato's Catalogue of Hexes
  2240 | D:3      | Learned a level 1 spell: Slow
  2446 | D:3      | Found a broken altar of Ashenzari.
  3232 | D:4      | Reached XP level 5. HP: 41/41 MP: 5/5
  3466 | D:4      | Found an ornate altar of the Wu Jian Council.
  3469 | D:4      | Became a worshipper of the Wu Jian Council
  3469 | D:4      | Reached * piety under Wu Jian
  3469 | D:4      | Reached ** piety under Wu Jian
  3521 | D:4      | Reached skill level 1 in Spellcasting
  3718 | D:4      | Reached XP level 6. HP: 16/44 MP: 7/7
  4130 | D:4      | Mangled by a wight

Illustrated notes

Levels and vault maps discovered:
D:1:      matt_arrival_refuge, layout_rooms, feat_on_display
D:2:      layout_rooms, serial_co_window_serial, co_window_paths_a,
          co_window_paths_b, co_window_corner_a, co_window_of_opportunity_a,
          co_window_paths_a, co_window_corner_cb, co_window_paths_c,
          co_window_of_opportunity_b, co_window_corner_b, co_window_4corner_a,
          glass_columns_c, glass_columns_c, glass_columns_a, glass_columns_b,
          serial_bayou_crossing, uniq_sigmund
D:3:      layout_loops_ring, nicolae_ashenzari_skybound,
          shapermc_ecumenical_altar_rom_forum, kennysheep_generic_room_11
D:4:      layout_cave_pods, kennysheep_mini, uniq_ijyb

Skill      XL: |  1  2  3  4  5 |
---------------+----------------+-----
Dodging        | 3 4 |  4.3
Unarmed Combat | 3 4 |  4.5
Stealth        | 2 |  2.6
Spellcasting   | 1 |  1.1
Fighting       | |  3.1
Ranged Weapons | |  0.1
Hexes          | |  0.4

Action                   |  1- 3 |  4- 6 || total
-------------------------+-------+-------++-------
Melee: Unarmed           |   179 |   161 ||   340
       Punch             |     3 |     1 ||     4
 Fire: Sling             |     2 |    10 ||    12
 Cast: Slow              |       |     6 ||     6
Invok: Whirlwind         |       |     1 ||     1
  Use: Potion            |     1 |       ||     1
       Scroll            |     3 |     2 ||     5
 Stab: Sleeping          |     7 |     2 ||     9
Armor: Robe              |    36 |    37 ||    73
Dodge: Dodged            |    93 |   106 ||   199
